 Dungeon Crawl Stone Soup version 0.32-a0-33-g74fbe46 (webtiles) character file.

Game seed: 5453367384768321973

268 Dorkslayer the Ruffian (level 6, -2/38 HPs)
             Began as an Octopode Shapeshifter on Jan 20, 2024.
             Slain by qlqlql's ghost (8 damage)
             ... on level 3 of the Dungeon.
             The game lasted 00:08:01 (2353 turns).

Dorkslayer the Ruffian (Octopode Shapeshifter)      Turns: 2353, Time: 00:08:02

Health: -2/38      AC:  9    Str: 15 (16) XL:     6   Next: 21%
Magic:  5/5        EV: 13    Int: 16 (18) God:
Gold:   1152       SH:  0    Dex:  8 (11) Spells: 5/5 levels left

rFire   . .          .
                       - Unarmed
rCold   . . .        (no shield)
rNeg    . . .        (helmet currently unavailable)
rPois   .            (no amulet)
rElec   .            f - +4 ring of protection
rCorr   .            k - +6 ring of intelligence
SInv    .            e - +4 ring of protection
Will    .....        (no ring)
Stlth   +++          (no ring)
HPRegen 0.26/turn    (no ring)
MPRegen 0.09/turn    (no ring)
                     (no ring)

%: no passive effects
@: beast-form
A: beast (slay +2), almost no armour, amphibious, 8 rings, camouflage 1,
gelatinous body 1, (nimble swimmer 1), tentacles, fangs 1, low MP 1
a: Begin Untransformation


You were on level 3 of the Dungeon.
You were a hulking beast.
You visited 1 branch of the dungeon, and saw 3 of its levels.
You also visited: Sewer.

You collected 1152 gold pieces.

Inventory:

Jewellery
 e - a +4 ring of protection (on tentacle)
 f - a +4 ring of protection (left tentacle)
 k - a +6 ring of intelligence (right tentacle)
Talismans
 b - a beast talisman
 c - a flux talisman
Scrolls
 g - 3 scrolls of fog
 j - a scroll of teleportation
 l - a scroll of blinking {unknown}
 o - a scroll of fear {unknown}
Potions
 a - a potion of lignification
 i - a potion of attraction
 m - a potion of magic
 q - a potion of brilliance


   Skills:
 + Level 1.1 Fighting
 + Level 2.6 Dodging
 + Level 3.1 Stealth
 * Level 5.4 Unarmed Combat
 + Level 3.7 Shapeshifting


You had 5 spell levels left.
You didn't know any spells.
Your spell library contained the following spells:

 Spells                   Type           Power      Damage    Failure   Level
 Fugue of the Fallen      Necr           0%         N/A       58%         3
 Ozocubu's Armour         Ice            0%         N/A       58%         3
 Manifold Assault         Tloc           0%         N/A       94%         4


Dungeon Overview and Level Annotations

Branches:
Dungeon (3/15)              Sewer (visited)

Altars:
Ashenzari
Makhleb

Annotations:
D:3 qlqlql's ghost, amateur GrFi


Innate Abilities, Weirdness & Mutations

You are a hulking beast.
Your limbs bulge with bestial killing power. (Slay +2)
You cannot wear most types of armour.
You are amphibious.
You can wear up to eight rings at the same time.
Your skin changes colour to match your surroundings (Stealth+).
Your rubbery body absorbs attacks. (AC +1, EV +1)
((You are camouflaged when in or above water. (Stealth+)))
You have tentacles for arms and can constrict up to eight enemies at once.
You have very sharp teeth.
Your magical capacity is low. (-10% MP)


Message History

You tentacle-slap qlqlql's ghost but do no damage.
You squeeze qlqlql's ghost, but do no damage.
Qlqlql's ghost is heavily damaged.
Qlqlql's ghost hits you.
* * * LOW HITPOINT WARNING * * *
You tentacle-slap qlqlql's ghost. Your squeeze misses qlqlql's ghost.
Qlqlql's ghost is heavily damaged.
Qlqlql's ghost closely misses you.
You tentacle-slap qlqlql's ghost but do no damage.
Qlqlql's ghost is heavily damaged.
Qlqlql's ghost closely misses you.
You barely miss qlqlql's ghost. You squeeze qlqlql's ghost.
Qlqlql's ghost is heavily damaged.
Qlqlql's ghost stares at you. Qlqlql's ghost barely misses you.
You closely miss qlqlql's ghost. Your squeeze misses qlqlql's ghost.
Qlqlql's ghost is heavily damaged.
Qlqlql's ghost barely misses you.
You tentacle-slap qlqlql's ghost. You bite qlqlql's ghost.
You squeeze qlqlql's ghost, but do no damage.
Qlqlql's ghost is heavily damaged.
Qlqlql's ghost closely misses you.
You tentacle-slap qlqlql's ghost.
Qlqlql's ghost is severely damaged.
Qlqlql's ghost completely misses you.
You tentacle-slap qlqlql's ghost but do no damage.
You squeeze qlqlql's ghost, but do no damage.
Qlqlql's ghost is severely damaged.
Qlqlql's ghost misses you.
You tentacle-slap qlqlql's ghost but do no damage.
Qlqlql's ghost is severely damaged.
You tentacle-slap qlqlql's ghost but do no damage.
Your squeeze misses qlqlql's ghost.
Qlqlql's ghost is severely damaged.
Qlqlql's ghost closely misses you.
You tentacle-slap qlqlql's ghost but do no damage.
Qlqlql's ghost is severely damaged.
Qlqlql's ghost whispers, "You will understand me better in a moment."
Qlqlql's ghost hits you!
You die...

## #.# .# #.# .# #
#.# .# #. # #.#
.###..###.#
§.........# ###
§#.#.#.#..######.#
§#.#.#.#...$...W.#
W#.#.#.#..######h#
.#.#.#.#..# #.#
.#.#.#.#..# #.#
.§...W...$# #.#
.....###### #.#
.##### #.# .# #.#
## #.#


You could see qlqlql's ghost.

Vanquished Creatures
  2 brain worms (Sewer)
  5 adders
  3 river rats (Sewer)
  3 dart slugs
  2 ribbon worms (D:3)
  3 bats
  3 endoplasms
  A giant cockroach (D:1)
  4 goblins (D:1)
  3 hobgoblins
  5 jackals
  7 kobolds
  4 quokkas
  4 ball pythons (Sewer)
  9 frilled lizards
  5 rats
63 creatures vanquished.

Notes
Turn   | Place    | Note
-------+----------+-------------------------------------------
     0 | D:1      | Dorkslayer the Octopode Shapeshifter began the quest for
                  | the Orb.
     0 | D:1      | Reached XP level 1. HP: 13/13 MP: 1/1
   228 | D:1      | Reached XP level 2. HP: 18/18 MP: 2/2
   490 | D:1      | Found a faded altar of an unknown god.
   626 | D:1      | Reached XP level 3. HP: 23/23 MP: 3/3
  1441 | D:2      | Reached skill level 1 in Stealth
  1501 | D:3      | Identified a scroll of acquirement
  1501 | D:3      | Acquired 1036 gold pieces
  1527 | D:3      | Reached XP level 4. HP: 16/28 MP: 4/4
  1619 | D:3      | Found a burning altar of Makhleb.
  1681 | D:3      | Found a broken altar of Ashenzari.
  1738 | D:3      | Found a glowing drain.
  1749 | Sewer    | Entered a sewer
  1759 | Sewer    | Reached skill level 4 in Unarmed Combat
  1780 | Sewer    | Noticed a brain worm
  1796 | Sewer    | Killed a brain worm
  1797 | Sewer    | Reached XP level 5. HP: 14/33 MP: 5/5
  1887 | Sewer    | Reached skill level 5 in Unarmed Combat
  1941 | Sewer    | Reached XP level 6. HP: 26/38 MP: 4/6
  2225 | D:3      | Found a runed translucent door.
  2225 | D:3      | Noticed qlqlql's ghost (amateur GrFi)
  2257 | D:3      | Gained mutation: You have very sharp teeth. [potion of
                  | mutation]
  2257 | D:3      | Gained mutation: Your magical capacity is low. (-10% MP)
                  | [potion of mutation]
  2353 | D:3      | Slain by qlqlql's ghost

Illustrated notes

Levels and vault maps discovered:
D:1:      dpeg_arrival_shelter, layout_basic, ebering_ecumenical_altar_petrified
D:2:      layout_basic
D:3:      layout_basic, marbit_many_paths, lemuel_coloured_pillars_altar,
          hellmonk_ghost_happy_afterlife, portal_sewer_entry_d,
          minmay_misc_feat_rows, nicolae_concentric_dashed_squares_mild,
          minmay_cupped

Skill      XL: |  1  2  3  4  5 |
---------------+----------------+-----
Stealth        | 1 2 3 |  3.1
Unarmed Combat | 4 5 |  5.4
Fighting       | |  1.1
Dodging        | |  2.6
Shapeshifting  | |  3.7

Action                     |  1- 3 |  4- 6 || total
---------------------------+-------+-------++-------
  Melee: Unarmed           |    62 |    71 ||   133
         Constrict         |    15 |    12 ||    27
         Tentacles         |    12 |    18 ||    30
         Punch             |     1 |     2 ||     3
         Bite              |       |     2 ||     2
    Use: Scroll            |     2 |     2 ||     4
         Potion            |       |     9 ||     9
   Stab: Sleeping          |     7 |     7 ||    14
 Armour: Skin              |    27 |    38 ||    65
  Dodge: Dodged            |    40 |    33 ||    73

Table legend: (Time is in decaauts)
 A = Elapsed time spent in this place.
 B = Non-inter-level travel time spent in this place.
 C = Inter-level travel time spent in this place.
 D = Time resting spent in this place.
 E = Time spent auto-exploring this place.
 F = Levels seen in this place.
 G = Mean time per level.
                   A        B        C        D        E       F      G
               +--------+--------+--------+--------+--------+-----+--------+
         Total |   2340 |   2340 |      0 |     74 |   1270 |   4 |  585.0 |
       Dungeon |   1933 |   1933 |      0 |      0 |   1128 |   3 |  644.3 |
         Sewer |    406 |    406 |      0 |     74 |    142 |   1 |  406.0 |
               +--------+--------+--------+--------+--------+-----+--------+

Top non-repeatable levels by time:
     D:2: 748 daAuts
     D:1: 745 daAuts
     D:3: 439 daAuts
   Sewer: 406 daAuts
